IL
GWINNETT BRAVES @ OKLAHOMA CITY DODGERS
08/29/2044
 
TOP OF THE 1ST
Gwinnett Braves batting - Pitching for Oklahoma City Dodgers : LHP Billy Nash
Pitching: LHP Billy Nash
Batting: LHB Ricky Ayon 0-0: Ball
1-0: Ground out U3 (Groundball, 34, EV 90.6 MPH)
Batting: RHB Josh Whitmore 0-0: Ball
1-0: Called Strike
1-1: Foul Ball, location: 2F
1-2: Strikes out looking
Batting: RHB Luis Revilla 0-0: Foul Ball, location: 2F
0-1: Ball
1-1: Ball
2-1: Swinging Strike
2-2: Ball
3-2: Base on Balls
Batting: RHB Jake Lang 0-0: Ball
1-0: Ball
2-0: Foul Ball, location: 2F
2-1: Ball
3-1: Base on Balls
Luis Revilla to second
Batting: RHB Alex Munoz 0-0: Ball
1-0: Foul Ball, location: 2F
1-1: Ball
2-1: Swinging Strike
2-2: Strikes out swinging
Top of the 1st over - 0 runs, 0 hits, 0 errors, 2 left on base; Gwinnett 0 - Oklahoma City 0
BOTTOM OF THE 1ST
Oklahoma City Dodgers batting - Pitching for Gwinnett Braves : RHP Preston Larson
Pitching: RHP Preston Larson
Batting: RHB Nate Taylor 0-0: Ball
1-0: Called Strike
1-1: Swinging Strike
1-2: Ball
2-2: Foul Ball, location: 2F
2-2: Ball
3-2: Strikes out swinging
Batting: LHB Alex Ramos 0-0: Ball
1-0: Called Strike
1-1: Ball
2-1: Fly out, F9 (Flyball, 9LS, EV 91.3 MPH)
Batting: LHB James Betron 0-0: Ball
1-0: Swinging Strike
1-1: Ball
2-1: Swinging Strike
2-2: Foul Ball, location: 2F
2-2: Fly out, F9 (Flyball, 9LS, EV 90.6 MPH)
Bottom of the 1st over - 0 runs, 0 hits, 0 errors, 0 left on base; Gwinnett 0 - Oklahoma City 0
TOP OF THE 2ND
Gwinnett Braves batting - Pitching for Oklahoma City Dodgers : LHP Billy Nash
Batting: LHB Jose Chinchilla 0-0: Foul Ball, location: 2F
0-1: Ball
1-1: SINGLE (Groundball, 6S, EV 63.8 MPH) (infield hit)
Batting: RHB T.J. Jordan 0-0: Ball
1-0: Fly out, F6 (Line Drive, 6, EV 65.0 MPH)
Batting: SHB Tim Rodgers 0-0: Ball
1-0: Called Strike
1-1: Grounds into double play, 5-4-3 (Groundball, 56, EV 100.6 MPH)
Top of the 2nd over - 0 runs, 1 hit, 0 errors, 0 left on base; Gwinnett 0 - Oklahoma City 0
BOTTOM OF THE 2ND
Oklahoma City Dodgers batting - Pitching for Gwinnett Braves : RHP Preston Larson
Batting: RHB John Manocchio 0-0: Ball
1-0: Ball
2-0: Fly out, F5 (Popup, 15, EV 79.4 MPH)
Batting: RHB Armando Galindo 0-0: Foul Ball, location: 2F
0-1: Ball
1-1: Called Strike
1-2: Foul Ball, location: 2F
1-2: Ball
2-2: Ball
3-2: Strikes out looking
Batting: RHB Tim Adams 0-0: Fly out, F9 (Line Drive, 9, EV 88.1 MPH)
Bottom of the 2nd over - 0 runs, 0 hits, 0 errors, 0 left on base; Gwinnett 0 - Oklahoma City 0
TOP OF THE 3RD
Gwinnett Braves batting - Pitching for Oklahoma City Dodgers : LHP Billy Nash
Batting: RHB Ethan McCullough 0-0: Ball
1-0: Fly out, F9 (Line Drive, 9, EV 94.4 MPH)
Batting: LHB Ricky Ayon 0-0: Ball
1-0: Called Strike
1-1: Called Strike
1-2: Ball
2-2: Ball
3-2: Base on Balls
Batting: RHB Josh Whitmore 0-0: Ball
1-0: Grounds into double play, 4-6-3 (Groundball, 4, EV 86.3 MPH)
Top of the 3rd over - 0 runs, 0 hits, 0 errors, 0 left on base; Gwinnett 0 - Oklahoma City 0
BOTTOM OF THE 3RD
Oklahoma City Dodgers batting - Pitching for Gwinnett Braves : RHP Preston Larson
Batting: RHB Terry Jarrells 0-0: Ball
1-0: Fly out, F7 (Flyball, 78D, EV 86.3 MPH)
Batting: RHB Matt Robert 0-0: Called Strike
0-1: Swinging Strike
0-2: Ground out U3 (Groundball, 3, EV 100.0 MPH)
Batting: RHB Mike Moore 0-0: Foul Ball, location: 2F
0-1: Ball
1-1: Fly out, F8 (Flyball, 8RD, EV 97.5 MPH)
Bottom of the 3rd over - 0 runs, 0 hits, 0 errors, 0 left on base; Gwinnett 0 - Oklahoma City 0
TOP OF THE 4TH
Gwinnett Braves batting - Pitching for Oklahoma City Dodgers : LHP Billy Nash
Batting: RHB Luis Revilla 0-0: Ball
1-0: Ball
2-0: Called Strike
2-1: Called Strike
2-2: Ball
3-2: SINGLE (Line Drive, 4D, EV 100.0 MPH)
Batting: RHB Jake Lang 0-0: Foul Ball, location: 2F
0-1: Ball
1-1: Foul Ball, location: 2F
1-2: Fly out, F7 (Flyball, 7LM, EV 99.4 MPH)
Pitching: RHP Alex Aguilar
Batting: RHB Alex Munoz 0-0: Ball
1-0: Ball
2-0: Foul Ball, location: 2F
2-1: Swinging Strike
2-2: Ball
3-2: Base on Balls
Luis Revilla to second
Batting: LHB Jose Chinchilla 0-0: Called Strike
0-1: Fielders Choice at 2nd, 3-6 (Groundball, 34, EV 80.0 MPH)
Luis Revilla to third
Batting: RHB T.J. Jordan 0-0: Called Strike
0-1: Swinging Strike
0-2: Ball
1-2: Ball
2-2: SINGLE (Groundball, 34D, EV 99.4 MPH)
Luis Revilla scores
Jose Chinchilla to second
Runner from 2nd tries for 3rd, SAFE, throw by RF made to third
Batting: SHB Tim Rodgers 0-0: Called Strike
0-1: Swinging Strike
0-2: Strikes out swinging
Top of the 4th over - 1 run, 2 hits, 0 errors, 2 left on base; Gwinnett 1 - Oklahoma City 0
BOTTOM OF THE 4TH
Oklahoma City Dodgers batting - Pitching for Gwinnett Braves : RHP Preston Larson
Batting: RHB Nate Taylor 0-0: Ball
1-0: Ball
2-0: Called Strike
2-1: SINGLE (Line Drive, 89S, EV 103.8 MPH)
Batting: LHB Alex Ramos 0-0: Fly out, F8 (Line Drive, 8LD, EV 97.5 MPH)
Batting: LHB James Betron 0-0: Called Strike
Nate Taylor steals 2nd base
0-1: Ball
1-1: Ball
2-1: Foul Ball, location: 2F
2-2: Foul Ball, location: 2F
2-2: Ball
3-2: SINGLE (Groundball, 34D, EV 83.8 MPH) (infield hit)
Nate Taylor to third
Batting: RHB John Manocchio 0-0: Ball
James Betron steals 2nd base
1-0: Fly out, F7 (Flyball, 7LD, EV 102.5 MPH)
Runner from 3rd tags up, SCORES, no throw by LF
James Betron to third
Batting: RHB Armando Galindo 0-0: Foul Ball, location: 2F
0-1: Foul Ball, location: 2F
0-2: Ball
1-2: Foul Ball, location: 2F
1-2: Ball
2-2: 2-RUN HOME RUN (Flyball, 7D, EV 103.1 MPH), Distance : 373 ft
Batting: RHB Tim Adams 0-0: Called Strike
0-1: SOLO HOME RUN (Line Drive, 7D, EV 100.0 MPH), Distance : 367 ft
Batting: RHB Terry Jarrells 0-0: Ball
1-0: Called Strike
1-1: Ball
2-1: Ball
3-1: Swinging Strike
3-2: Strikes out looking
Bottom of the 4th over - 4 runs, 4 hits, 0 errors, 0 left on base; Gwinnett 1 - Oklahoma City 4
TOP OF THE 5TH
Gwinnett Braves batting - Pitching for Oklahoma City Dodgers : RHP Alex Aguilar
Batting: RHB Ethan McCullough 0-0: Called Strike
0-1: Called Strike
0-2: Ball
1-2: Strikes out swinging
Batting: LHB Ricky Ayon 0-0: Ball
1-0: Swinging Strike
1-1: Ball
2-1: Foul Ball, location: 2F
2-2: Foul Ball, location: 2F
2-2: Strikes out swinging
Batting: RHB Josh Whitmore 0-0: Called Strike
0-1: Ball
1-1: Ground out 5-3 (Groundball, 5, EV 109.4 MPH)
Top of the 5th over - 0 runs, 0 hits, 0 errors, 0 left on base; Gwinnett 1 - Oklahoma City 4
BOTTOM OF THE 5TH
Oklahoma City Dodgers batting - Pitching for Gwinnett Braves : RHP Preston Larson
Batting: RHB Matt Robert 0-0: Ball
1-0: Ball
2-0: Ball
3-0: Base on Balls
Batting: RHB Mike Moore 0-0: Ball
1-0: Ball
2-0: Ball
Matt Robert steals 2nd base
3-0: Base on Balls
Batting: RHB Nate Taylor 0-0: Ball
1-0: Swinging Strike
1-1: Called Strike
1-2: Foul Ball, location: 2F
1-2: Strikes out swinging
Batting: LHB Alex Ramos 0-0: Called Strike
0-1: Foul Ball, location: 2F
0-2: Strikes out swinging
Batting: LHB James Betron 0-0: Called Strike
0-1: Swinging Strike
0-2: Ball
1-2: Strikes out swinging
Bottom of the 5th over - 0 runs, 0 hits, 0 errors, 2 left on base; Gwinnett 1 - Oklahoma City 4
TOP OF THE 6TH
Gwinnett Braves batting - Pitching for Oklahoma City Dodgers : RHP Alex Aguilar
Batting: RHB Luis Revilla 0-0: Called Strike
0-1: Ball
1-1: Foul Ball, location: 2F
1-2: Ball
2-2: Foul Ball, location: 2F
2-2: Ball
3-2: Base on Balls
Pitching: RHP Eddie Mosley
Batting: RHB Jake Lang 0-0: Swinging Strike
0-1: Ball
1-1: Ball
2-1: Fly out, F6 (Line Drive, 6, EV 72.5 MPH)
Batting: RHB Alex Munoz 0-0: Ball
Wild Pitch!
Luis Revilla to second
1-0: Ground out 6-3 (Groundball, 6, EV 103.1 MPH)
Batting: LHB Jose Chinchilla 0-0: Called Strike
0-1: Ball
1-1: Called Strike
1-2: Foul Ball, location: 2F
1-2: Ball
2-2: Ball
3-2: Foul Ball, location: 2F
3-2: Fly out, F8 (Flyball, 8RS, EV 77.5 MPH)
Top of the 6th over - 0 runs, 0 hits, 0 errors, 1 left on base; Gwinnett 1 - Oklahoma City 4
BOTTOM OF THE 6TH
Oklahoma City Dodgers batting - Pitching for Gwinnett Braves : RHP Preston Larson
Batting: RHB John Manocchio 0-0: SINGLE (Groundball, 6, EV 95.6 MPH)
Batting: RHB Armando Galindo 0-0: Ball
1-0: Fielders Choice at 2nd, 6-4 (Groundball, 6D, EV 81.3 MPH)
Batting: RHB Tim Adams 0-0: Called Strike
0-1: Called Strike
0-2: Ball
Armando Galindo steals 2nd, throwing error, E2
Armando Galindo to third
1-2: Strikes out swinging
Batting: RHB Terry Jarrells 0-0: Foul Ball, location: 2F
0-1: Swinging Strike
0-2: Ball
1-2: Foul Ball, location: 2F
1-2: Ball
2-2: Ball
3-2: Strikes out looking
Bottom of the 6th over - 0 runs, 1 hit, 1 error, 1 left on base; Gwinnett 1 - Oklahoma City 4
TOP OF THE 7TH
Gwinnett Braves batting - Pitching for Oklahoma City Dodgers : RHP Eddie Mosley
Batting: RHB T.J. Jordan 0-0: Called Strike
0-1: Ball
1-1: Ball
2-1: Ball
3-1: Base on Balls
Batting: SHB Tim Rodgers 0-0: Called Strike
0-1: Ball
1-1: Bunt missed!
1-2: Strikes out swinging
Batting: RHB Ethan McCullough 0-0: Ball
1-0: Ball
2-0: Ball
3-0: Swinging Strike
3-1: Foul Ball, location: 2F
3-2: Foul Ball, location: 2F
3-2: Strikes out swinging
Batting: LHB Ricky Ayon 0-0: Ball
1-0: Ball
2-0: Swinging Strike
2-1: Ball
3-1: Base on Balls
T.J. Jordan to second
Pitching: RHP Jon Harris
Batting: RHB Josh Whitmore 0-0: Swinging Strike
0-1: Ball
1-1: Swinging Strike
1-2: Strikes out swinging
Top of the 7th over - 0 runs, 0 hits, 0 errors, 2 left on base; Gwinnett 1 - Oklahoma City 4
BOTTOM OF THE 7TH
Oklahoma City Dodgers batting - Pitching for Gwinnett Braves : RHP Preston Larson
Batting: RHB Matt Robert 0-0: Ball
1-0: Called Strike
1-1: SINGLE (Line Drive, 8LS, EV 98.1 MPH)
Pitching: RHP Chris Thompson
Batting: RHB Mike Moore 0-0: Ground out 6-3 (Groundball, P, EV 89.4 MPH)
Matt Robert to second
Batting: RHB Nate Taylor 0-0: Called Strike
0-1: 2-RUN HOME RUN (Flyball, 78XD, EV 116.9 MPH), Distance : 458 ft
Batting: LHB Alex Ramos 0-0: Called Strike
0-1: Fly out, F8 (Line Drive, 8LD, EV 91.9 MPH)
Batting: LHB James Betron 0-0: Called Strike
0-1: Ball
1-1: Ball
2-1: Foul Ball, location: 2F
2-2: Ball
3-2: Base on Balls
Batting: RHB John Manocchio 0-0: Ball
1-0: Ball
2-0: Called Strike
2-1: Called Strike
2-2: Ball
3-2: Strikes out swinging
Bottom of the 7th over - 2 runs, 2 hits, 0 errors, 1 left on base; Gwinnett 1 - Oklahoma City 6
TOP OF THE 8TH
Gwinnett Braves batting - Pitching for Oklahoma City Dodgers : RHP Jon Harris
Batting: RHB Luis Revilla 0-0: Ball
1-0: Ground out 4-3 (Groundball, 4MS, EV 81.9 MPH)
Batting: RHB Jake Lang 0-0: Swinging Strike
0-1: Called Strike
0-2: Ball
1-2: Foul Ball, location: 2F
1-2: Ball
2-2: Foul Ball, location: 2F
2-2: Strikes out swinging
Batting: RHB Alex Munoz 0-0: Ball
1-0: Foul Ball, location: 2F
1-1: Swinging Strike
1-2: Strikes out swinging
Top of the 8th over - 0 runs, 0 hits, 0 errors, 0 left on base; Gwinnett 1 - Oklahoma City 6
BOTTOM OF THE 8TH
Oklahoma City Dodgers batting - Pitching for Gwinnett Braves : RHP Chris Thompson
Batting: RHB Armando Galindo 0-0: Swinging Strike
0-1: Called Strike
0-2: Strikes out swinging
Batting: RHB Tim Adams 0-0: Ball
1-0: Ball
2-0: Swinging Strike
2-1: Foul Ball, location: 2F
2-2: Ball
3-2: Strikes out swinging
Batting: RHB Terry Jarrells 0-0: Ball
1-0: Called Strike
1-1: Foul Ball, location: 2F
1-2: Strikes out swinging
Bottom of the 8th over - 0 runs, 0 hits, 0 errors, 0 left on base; Gwinnett 1 - Oklahoma City 6
TOP OF THE 9TH
Gwinnett Braves batting - Pitching for Oklahoma City Dodgers : RHP Jon Harris
Batting: LHB Jose Chinchilla 0-0: Ball
1-0: Called Strike
1-1: Ball
2-1: Ground out U3 (Groundball, 3, EV 85.6 MPH)
Batting: RHB T.J. Jordan 0-0: Ball
1-0: Ball
2-0: Swinging Strike
2-1: SINGLE (Groundball, 6MD, EV 106.3 MPH)
Batting: SHB Tim Rodgers 0-0: Ball
1-0: Called Strike
1-1: Ground out 6-3 (Groundball, P, EV 85.6 MPH)
T.J. Jordan to second
Batting: RHB Ethan McCullough 0-0: Called Strike
0-1: Ball
1-1: Called Strike
1-2: Ball
2-2: Strikes out looking
Top of the 9th over - 0 runs, 1 hit, 0 errors, 1 left on base; Gwinnett 1 - Oklahoma City 6
Thursday, March 31st , 2022 - OOTP Baseball 22.12 Build 89